 Dungeon Crawl Stone Soup version 0.29.1-1-gd02db6906a (webtiles) character file.

Game seed: 11116336933240702497

7 Descartes the Scratcher (level 1, 0/9 HPs)
             Began as a Felid Wanderer on Oct 14, 2022.
             Slain by a hobgoblin (4 damage)
             ... on level 1 of the Dungeon.
             The game lasted 00:00:36 (600 turns).

Descartes the Scratcher (Felid Wanderer)             Turns: 600, Time: 00:00:37

Health: 0/9        AC:  1    Str: 12    XL:     1   Next: 83%
Magic:  2/2        EV: 16    Int: 10    God:
Gold:   10         SH:  0    Dex: 14    Spells: 0/0 levels left
                                        Lives:  0   Deaths: 0

rFire   . . .      SeeInvis +     - Unarmed
rCold   . . .      Faith    .   (shield unavailable)
rNeg    . . .      Spirit   .   (body armour unavailable)
rPois   .          Reflect  .   (helmet unavailable)
rElec   .          Harm     .   (cloak unavailable)
rCorr   .          Rampage  .   (gloves unavailable)
Will    .....                   (boots unavailable)
Stlth   ++........              (no amulet)
HPRegen 0.03/turn               (no ring)
MPRegen 0.08/turn               (no ring)

@: quick
A: very small, claws 1, fangs 3, see invisible, speed 1, shaggy fur 1, stealthy
paws, no weapons or thrown items, no armour, multi-lived
a: no special abilities


You were on level 1 of the Dungeon.
You visited 1 branch of the dungeon, and saw 1 of its levels.

You collected 10 gold pieces.

Inventory:

Scrolls
 a - 2 scrolls of fear
 c - a scroll of teleportation
 f - a scroll of amnesia {unknown}
Potions
 b - a potion of invisibility
 e - a potion of resistance {unknown}
 g - a potion of attraction {unknown}
Miscellaneous
 d - a piece from Xom's chessboard (15/15) (quivered)


   Skills:
 + Level 1.2 Fighting
 + Level 0.8 Dodging
 + Level 1.8 Stealth
 + Level 5.0 Unarmed Combat
 - Level 1.0 Invocations
 - Level 2.1 Evocations


You couldn't memorise any spells.
You didn't know any spells.
Your spell library was empty.

Dungeon Overview and Level Annotations

Branches:
Dungeon (1/15)

Altars:

Shops:
D:1 *


Innate Abilities, Weirdness & Mutations

You have sharp claws.
You have razor-sharp teeth.
You have supernaturally acute eyesight. (SInv)
You cover ground quickly. (Speed+)
You are covered in fur. (AC +1)
Your paws help you pounce on unaware monsters.
You are incapable of wielding weapons or throwing items.
You cannot wear armour.
You gain extra lives every three experience levels.


Message History

You kill the goblin!
You scratch the ball python.
The ball python is moderately wounded.
The ball python misses you. x2; The ball python bites you.
The ball python grabs you. The ball python constricts you.
You are too injured to fight recklessly!
You are too injured to fight recklessly!
You are too injured to fight recklessly!
You are too injured to fight recklessly!
You are too injured to fight recklessly!
You are too injured to fight recklessly!
You are too injured to fight recklessly!
You are too injured to fight recklessly!
You are too injured to fight recklessly!
You are too injured to fight recklessly!
You are too injured to fight recklessly!
You are too injured to fight recklessly!
You are too injured to fight recklessly!
You are too injured to fight recklessly!
You are too injured to fight recklessly!
You are too injured to fight recklessly!
You are too injured to fight recklessly!
You are too injured to fight recklessly!
You are too injured to fight recklessly!
You are too injured to fight recklessly!
You are too injured to fight recklessly!
You are too injured to fight recklessly!
You are too injured to fight recklessly!
You are too injured to fight recklessly!
You are too injured to fight recklessly!
You are too injured to fight recklessly!
You are too injured to fight recklessly!
You are too injured to fight recklessly!
You are too injured to fight recklessly!
You are too injured to fight recklessly!
You are too injured to fight recklessly!
You are too injured to fight recklessly!
You escape the ball python's grasp.
The hobgoblin hits you.
You die...

.~≈...###### #...........#
~≈.≈~...### #...........#
≈~≈≈≈..#..# #........÷..#
≈≈≈≈~~..######...........+
~≈≈≈≈.##.###.............#
≈~~≈≈~.##.##.###'#.......#
≈~.~≈≈..#..#.# #.#.......#
≈≈~...~.##...# #.#.......#
~~.##...r#.### #@##..#####
....#. #######g#..##
##.#.# #.).S# #### #....#
#....# ....... .........
.......♣.### .....♣.∩.♣


You could see a hobgoblin and a ball python.

Vanquished Creatures
  A ball python (D:1)
  A bat (D:1)
  A goblin (D:1)
  A quokka (D:1)
  2 rats (D:1)
6 creatures vanquished.

Notes
Turn   | Place    | Note
-------+----------+-------------------------------------------
     0 | D:1      | Descartes the Felid Wanderer began the quest for the Orb.
     0 | D:1      | Descartes set off with the following items: 2 scrolls of
                  | fear, a potion of invisibility, a scroll of teleportation,
                  | a piece from Xom's chessboard (15/15).
     0 | D:1      | Reached XP level 1. HP: 9/9 MP: 2/2
   592 | D:1      | Found Sipuado's General Store.
   600 | D:1      | Slain by a hobgoblin

Illustrated notes

Levels and vault maps discovered:
D:1:      dpeg_arrival_subterranean_lakeside_camping, layout_basic,
          serial_shops, nicolae_shop_trees, nicolae_shop_waterfront,
          shapermc_ecumenical_altar_flowoftime

Action                   || total
-------------------------++-------
Melee: Unarmed           ||    17
       Bite              ||     2
       Punch             ||     1
Armor: Skin              ||     1
Dodge: Dodged            ||    13
